 Dungeon Crawl Stone Soup version 0.18.1-8-gdd0e5ea (webtiles) character file.

2984 georgeearnest the Grappler (level 9, -5/89 HPs)
             Began as a Troll Monk on May 28, 2016.
             Was a Priest of Nemelex Xobeh.
             Slain by a cyan ugly thing (16 damage)
             ... on level 8 of the Dungeon.
             The game lasted 00:14:17 (5870 turns).

georgeearnest the Grappler (Troll Monk)             Turns: 5870, Time: 00:14:18

Health: -5/89      AC:  8    Str: 21    XL:     9   Next: 53%
Magic:  8/8        EV: 14    Int:  6    God:    Nemelex Xobeh [***...]
Gold:   319        SH:  0    Dex: 15    Spells: 0 memorised, 8 levels left

rFire  . . .     SeeInvis +       - Unarmed
rCold  . . .     Gourm    +     a - +0 robe
rNeg   . . .     Faith    .     (no shield)
rPois  .         Spirit   .     (helmet restricted)
rElec  .         Dismiss  .     (no cloak)
rCorr  .         Reflect  .     (gloves unavailable)
SustAt .         Harm     .     (boots unavailable)
MR     .....                    (no amulet)
Stlth  ++........               l - +3 ring of protection
                                c - ring of see invisible

@: starving, not resistant to hostile enchantments, unstealthy
A: unfitting armour, claws 3, fast metabolism 3, gourmand, regeneration 2,
shaggy fur 1, tough skin 2
a: Triple Draw, Renounce Religion


You were on level 8 of the Dungeon.
You worshipped Nemelex Xobeh.
Nemelex Xobeh was most pleased with you.
You were starving.

You visited 2 branches of the dungeon, and saw 9 of its levels.

You collected 319 gold pieces.

Inventory:

Armour
 a - a +0 robe (worn)
Jewellery
 c - a ring of see invisible (left claw)
 l - a +3 ring of protection (right claw)
Wands
 o - a wand of slowing (12/48)
 v - a wand of enslavement (15/24)
 D - a wand of enslavement (8/24)
 J - a wand of acid (3/15)
Scrolls
 d - a scroll of amnesia {unknown}
 e - 2 scrolls of immolation {unknown}
 g - 2 scrolls of teleportation {unknown}
 k - 4 scrolls of remove curse
 m - a scroll of fog {unknown}
 q - a scroll of vulnerability {unknown}
 r - a scroll of random uselessness {unknown}
 t - a scroll of magic mapping {unknown}
 z - 2 scrolls of enchant weapon {unknown}
 I - a scroll of identify
Potions
 f - a potion of invisibility {unknown}
 h - a potion of resistance {unknown}
 i - 3 potions of cancellation
 n - a potion of lignification {unknown}
 p - a potion of mutation {unknown}
 s - a potion of degeneration {unknown}
 C - a potion of heal wounds {unknown}
 F - a potion of magic {unknown}
 G - a potion of curing {unknown}
Miscellaneous
 x - a legendary deck of escape
 y - a plain deck of war
 A - a plain deck of destruction {drawn: 1}
 B - a plain deck of destruction
 H - a plain deck of escape
Comestibles
 b - 8 bread rations
 j - 2 meat rations
 u - 7 beef jerkies
 E - a slice of pizza


   Skills:
 + Level 5.7 Fighting
 + Level 7.4 Dodging
 + Level 2.5 Stealth
 + Level 8.5 Unarmed Combat
 + Level 0.7 Evocations


You had 8 spell levels left.
You didn't know any spells.

Dungeon Overview and Level Annotations

Branches:
Dungeon (8/15)             Temple (1/1) D:4
   Lair: D:8-11

Altars:
Ashenzari
Cheibriados
Dithmenos
Elyvilon
Fedhas
Gozag
Kikubaaqudgha
Makhleb
Nemelex Xobeh
Okawaru
Pakellas
Qazlal
Sif Muna
Trog
Vehumet
Xom
Yredelemnul
Zin
The Shining One

Shops:
D:4 ?

Annotations:
D:3 georgeearnest's ghost, amateur TrMo


Innate Abilities, Weirdness & Mutations

You are too large for most types of armour.
You have claws for hands.
Your metabolism is lightning-fast.
You like to eat raw meat.
You heal very quickly.
You are covered in fur (AC +1).
You have very tough skin (AC +2).


Message History

The cyan ugly thing closely misses you. The hungry ghost barely misses you.
The hungry ghost barely misses you.
Zapping:
v - a wand of enslavement (17/24)
Press: ? - help, Shift-Dir - straight line, f/p - cyan ugly thing
Aim: a cyan ugly thing (almost dead, chance to defeat MR: 29%)
The cyan ugly thing easily resists.
This wand has 16 charges left.
The cyan ugly thing headbutts you. The cyan ugly thing shocks you!
* * * LOW HITPOINT WARNING * * *
The hungry ghost hits you.
You feel somewhat more hungry.
Zapping:
v - a wand of enslavement (16/24)
Press: ? - help, Shift-Dir - straight line, f/p - cyan ugly thing
Aim: a cyan ugly thing (almost dead, chance to defeat MR: 29%)
The cyan ugly thing easily resists.
This wand has 15 charges left.
You are starving!
The cyan ugly thing headbutts you!
* * * LOW HITPOINT WARNING * * *
The cyan ugly thing shocks you!
You die...
Your body disappears without a glow.

#...##+#...........
#.....######+###+
#.....# #.....#
#.....# #.....#
#.....#
######!....# .
.......@..##.).
......#Wu......
......./.......
....#._.#......
......$........
>.....#........
..........####.
...........
..........?.


You could see a cyan ugly thing and a hungry ghost.

Vanquished Creatures
  Grinder (D:6)
  Eustachio (D:6)
  A water moccasin (D:6)
  A sky beast (D:5)
  2 phantoms
  7 ogres
  2 centaurs
  Blork the orc (D:4)
  A giant frog (D:7)
  A water moccasin zombie (D:6)
  2 scorpions
  3 hounds
  5 jellies
  A centaur skeleton (D:7)
  2 orc priests
  4 orc wizards
  4 worker ants
  3 worker ant zombies (D:5)
  9 adders
  An adder skeleton (D:5)
  A worm (D:2)
  2 dart slugs (D:4)
  3 giant geckos
  14 orcs
  2 ball pythons
  4 bats
  8 giant cockroaches
  9 goblins
  4 hobgoblins
  11 jackals
  A quokka (D:6)
  7 giant newts
  9 kobolds
  7 rats
134 creatures vanquished.

Vanquished Creatures (collateral kills)
  The ghost of eragonby the Grappler, a novice TrMo of Okawaru (D:7)
  Menkaure (D:6)
  2 orc warriors
  An orc priest (D:7)
  An orc (D:7)
6 creatures vanquished.

Grand Total: 140 creatures vanquished

Notes
Turn   | Place    | Note
--------------------------------------------------------------
     0 | D:1      | georgeearnest the Troll Monk began the quest for the Orb.
     0 | D:1      | Reached XP level 1. HP: 22/22 MP: 0/0
    86 | D:1      | Reached XP level 2. HP: 18/29 MP: 1/1
   528 | D:2      | Found an opulent altar of Gozag.
   588 | D:2      | Reached XP level 3. HP: 33/36 MP: 2/2
  1195 | D:3      | Reached XP level 4. HP: 30/44 MP: 3/3
  1275 | D:3      | Noticed georgeearnest's ghost (amateur TrMo)
  1513 | D:3      | Reached skill level 5 in Unarmed Combat
  1513 | D:3      | Reached XP level 5. HP: 37/52 MP: 4/4
  1596 | D:3      | Found a faded altar to an unknown god.
  1636 | D:4      | Found a staircase to the Ecumenical Temple.
  1636 | D:4      | Noticed an ogre
  1646 | D:4      | Killed an ogre
  1678 | D:4      | Reached XP level 6. HP: 55/61 MP: 5/5
  1713 | D:4      | Noticed Blork the orc
  1724 | D:4      | Found a deep blue altar of Sif Muna.
  2012 | D:4      | Found a white marble altar of Elyvilon.
  2068 | D:4      | Reached XP level 7. HP: 70/70 MP: 6/6
  2091 | D:4      | Reached skill level 5 in Dodging
  2397 | D:4      | Found Ixadoid's Magic Scroll Boutique.
  2510 | D:5      | Entered Level 5 of the Dungeon
  2806 | D:5      | Reached skill level 6 in Unarmed Combat
  2848 | Temple   | Entered the Ecumenical Temple
  2892 | Temple   | Became a worshipper of Nemelex Xobeh the Trickster
  2892 | Temple   | Received a gift from Nemelex Xobeh
  2892 | Temple   | Received a gift from Nemelex Xobeh
  2892 | Temple   | Reached * piety under Nemelex Xobeh
  2892 | Temple   | Received a gift from Nemelex Xobeh
  2892 | Temple   | Reached ** piety under Nemelex Xobeh
  3146 | D:5      | Received a gift from Nemelex Xobeh
  3146 | D:5      | Received a gift from Nemelex Xobeh
  3299 | D:5      | Found a shattered altar of Ashenzari.
  3422 | D:4      | Killed Blork the orc
  3535 | D:5      | Reached XP level 8. HP: 75/79 MP: 7/7
  4038 | D:6      | Found a shadowy altar of Dithmenos.
  4063 | D:6      | Noticed Eustachio
  4137 | D:6      | Reached skill level 5 in Fighting
  4228 | D:6      | Killed Eustachio
  4228 | D:6      | Reached skill level 7 in Unarmed Combat
  4261 | D:6      | Noticed Menkaure
  4268 | D:6      | Killed Menkaure
  4578 | D:6      | Found a bloodstained altar of Trog.
  4589 | D:6      | Reached XP level 9. HP: 86/88 MP: 8/8
  4591 | D:6      | Noticed Grinder
  4609 | D:6      | Killed Grinder
  4830 | D:6      | Reached skill level 8 in Unarmed Combat
  4916 | D:7      | Found a glowing silver altar of Zin.
  4922 | D:7      | Found a glowing golden altar of the Shining One.
  4932 | D:7      | Reached *** piety under Nemelex Xobeh
  4942 | D:7      | Received a gift from Nemelex Xobeh
  5517 | D:7      | Found a burning altar of Makhleb.
  5518 | D:7      | Found an oddly glowing altar of Pakellas.
  5520 | D:7      | Found a basalt altar of Yredelemnul.
  5520 | D:7      | Noticed eragonby's ghost (novice TrMo)
  5521 | D:7      | Found a shimmering altar of Xom.
  5540 | D:7      | Killed eragonby's ghost
  5853 | D:8      | Found a radiant altar of Vehumet.
  5857 | D:8      | Noticed a cyan ugly thing
  5870 | D:8      | Slain by a cyan ugly thing

Skill      XL: |  1  2  3  4  5  6  7  8  9 |
---------------+----------------------------+-----
Dodging        | 3 4 5 6 7 |  7.4
Unarmed Combat | 5 6 7 8 |  8.5
Fighting       | 3 4 5 |  5.7
Stealth        | 2 |  2.5
Evocations     | |  0.7

Action                   |  1- 3 |  4- 6 |  7- 9 || total
-------------------------+-------+-------+-------++-------
Melee: Unarmed           |   129 |    67 |   218 ||   414
       Punch             |       |     1 |     7 ||     8
Evoke: Deck              |       |       |     9 ||     9
       Wand              |       |       |     2 ||     2
  Use: Scroll            |       |       |     4 ||     4
 Stab: Sleeping          |       |     1 |     1 ||     2
  Eat: Chunk             |    14 |     9 |    20 ||    43
       Meat ration       |       |       |     2 ||     2
Armor: Robe              |    67 |    39 |    68 ||   174
Dodge: Dodged            |   107 |    57 |   111 ||   275
